 Dungeon Crawl Stone Soup version 0.31-a0-691-g409c26aa35 (webtiles) character file.

Game seed: 4417611799485827067

15334 IdlyInterested the Fighter (level 12, -3/85 (97) HPs)
             Began as a Demonspawn Monk on Sept 6, 2023.
             Slain by a shadow dragon (7 damage)
             ... on level 13 of the Dungeon.
             The game lasted 00:49:58 (11840 turns).

IdlyInterested the Fighter (Demonspawn Monk)       Turns: 11840, Time: 00:49:58

HP:   -3/85 (97)    AC: 27    Str: 14    XL:     12   Next: 0%
MP:   12/12         EV: 11    Int: 12    God:
Gold: 479           SH:  0    Dex: 11    Spells: 11/11 levels left

rFire   + + .        H - +8 hammer "Hirujaiq" {freeze, rF++ Stlth+}
rCold   . . .        (no shield)
rNeg    . . .        C - +6 plate armour "Cophy" {Regen+ rCorr Dex-5 Stlth+}
rPois   .            t - +0 helmet
rElec   +            G - +0 cloak
rCorr   +            Q - +0 pair of gloves
SInv    .            w - +0 pair of boots
Will    .....        (no amulet)
Stlth   ++           L - +5 ring of evasion
HPRegen 1.14/turn    (no ring)
MPRegen 0.13/turn

%: random rage (3%)
@: studying Long Blades, heavily drained
A: slimy green scales 2, demonic guardian 2, powered by death 1, weakness
stinger 2, berserk 1, shaggy fur 1, electricity resistance, weak 1
a: no special abilities


You were on level 13 of the Dungeon.
You visited 2 branches of the dungeon, and saw 12 of its levels.
You also visited: Bailey.

You collected 2299 gold pieces.
You spent 1820 gold pieces at shops.

Inventory:

Hand Weapons
 f - the +7 mace of Variability {chaos, chaos arc}
   (You bought it in a shop on level 1 of the Dungeon)
 H - the +8 hammer "Hirujaiq" (weapon) {freeze, rF++ Stlth+}
   (You found it on level 3 of the Dungeon)

   rF++:      It greatly protects you from fire.
   Stlth+:    It makes you more stealthy.
 U - a +4 scimitar of flaming
Missiles
 d - 77 stones (quivered)
 i - 14 javelins
 A - 2 curare-tipped darts
 B - 38 poisoned darts
 N - 10 boomerangs
Armour
 c - an orb of light
 t - a +0 helmet (worn)
 u - a +2 robe of fire resistance
 w - a +0 pair of boots (worn)
 C - the +6 plate armour "Cophy" (worn) {Regen+ rCorr Dex-5 Stlth+}
   (You found it on level 8 of the Dungeon)

   Dex-5:     It affects your dexterity (-5).
   Regen+:    It increases your rate of health regeneration.
   rCorr:     It protects you from acid and corrosion.
   Stlth+:    It makes you more stealthy.
 G - a +0 cloak (worn)
 Q - a +0 pair of gloves (worn)
Magical Staves
 n - a staff of poison
 Z - a staff of death
Jewellery
 L - a +5 ring of evasion (left hand)
 T - a ring of ice
Wands
 b - a wand of polymorph (19)
 K - a wand of iceblast (7)
 O - a wand of quicksilver (8)
 R - a wand of flame (39)
 S - a wand of mindburst (20)
Scrolls
 a - a scroll of amnesia
 k - 8 scrolls of teleportation
 m - a scroll of enchant weapon
 r - 2 scrolls of brand weapon
 v - 4 scrolls of enchant armour
 E - 4 scrolls of poison
 F - a scroll of vulnerability
 I - 3 scrolls of immolation
 V - a scroll of summoning
 X - 2 scrolls of blinking
 Y - a scroll of silence
Potions
 e - a potion of enlightenment {unknown}
 g - 2 potions of lignification
 h - 8 potions of heal wounds
 j - 5 potions of curing
 l - a potion of magic
 o - 2 potions of haste
 x - a potion of resistance
 z - 2 potions of attraction
 D - 2 potions of mutation
 J - a potion of might {unknown}
 M - a potion of degeneration {unknown}
 P - a potion of brilliance {unknown}
Miscellaneous
 q - a phantom mirror


   Skills:
 - Level 10.0 Fighting
 - Level 2.0 Long Blades
 * Level 7.2 Maces & Flails
 - Level 2.0 Throwing
 + Level 5.9 Armour
 - Level 8.0 Dodging
 + Level 9.4 Stealth
 - Level 3.0 Shields
 - Level 3.0 Unarmed Combat
 - Level 2.0 Evocations
 - Level 2.0 Shapeshifting


You had 11 spell levels left.
You didn't know any spells.
Your spell library contained the following spells:

 Spells                   Type           Power      Damage    Failure   Level
 Foxfire                  Conj/Fire      0%         2x1d4     100%        1
 Freeze                   Ice            0%         1d3       100%        1
 Kiss of Death            Conj/Necr      0%         2d5       100%        1
 Magic Dart               Conj           0%         1d3       100%        1
 Call Imp                 Summ           0%         N/A       100%        2
 Momentum Strike          Conj/Tloc      0%         3d8       100%        2
 Scorch                   Fire           0%         2d5       100%        2
 Frozen Ramparts          Ice            0%         1d1       100%        3
 Hailstorm                Conj/Ice       0%         3d3       100%        3
 Mephitic Cloud           Conj/Pois/Air  0%         N/A       100%        3
 Anguish                  Hex/Necr       0%         N/A       100%        4
 Cause Fear               Hex            0%         N/A       100%        4
 Enfeeble                 Hex            0%         N/A       100%        7


Dungeon Overview and Level Annotations

Branches:
Dungeon (13/15)            Temple (1/1) D:5          Vaults (0/5) D:13
 Bailey (visited)
   Lair: D:8-11         Orc: D:9-12

Altars:
Ashenzari
Cheibriados
Dithmenos
Fedhas
Gozag
Hepliaklqana
Kikubaaqudgha
Nemelex Xobeh
Okawaru
Qazlal
Ru
Sif Muna
Trog
Uskayaw
Vehumet
Wu Jian
Xom
Yredelemnul

Shops:
D:1 (   D:3 :   D:4 *


Innate Abilities, Weirdness & Mutations

You are mostly covered in slimy green scales. (AC +3)
A demonic guardian rushes to your aid.
You regenerate a little health from kills.
You have a tail ending in a sharp stinger.
You sometimes lose your temper in combat.
You are covered in fur. (AC +1)
You are resistant to electric shocks. (rElec)
You are weak. (Str -2)


Message History

You hit the shadow dragon.
The shadow dragon is lightly wounded.
The shadow dragon bites you but does no damage.
The shadow dragon claws you but does no damage. x2
You sock the shadow dragon!
The shadow dragon is lightly wounded.
The shadow dragon bites you but does no damage.
The shadow dragon claws you but does no damage.
The shadow dragon misses you.
Your ice devil hits the shadow dragon!
Your ice devil freezes the shadow dragon.
The shadow dragon resists.
The shadow dragon bites you but does no damage.
The shadow dragon barely misses you. The shadow dragon claws you.
You hit the shadow dragon but do no damage.
The shadow dragon is lightly wounded.
Your ice devil hits the shadow dragon but does no damage.
The shadow dragon breathes negative energy at you.
The bolt of negative energy hits you!!!
You feel drained.
Unknown command.
You hit the shadow dragon but do no damage.
Your tail-slap misses the shadow dragon.
The shadow dragon is lightly wounded.
Your ice devil hits the shadow dragon.
Your ice devil freezes the shadow dragon.
The shadow dragon resists.
The shadow dragon bites you but does no damage.
The shadow dragon claws you but does no damage. x2
You hit the shadow dragon but do no damage.
The shadow dragon is lightly wounded.
Your ice devil hits the shadow dragon.
Your ice devil freezes the shadow dragon.
The shadow dragon resists.
The shadow dragon breathes negative energy at you.
The bolt of negative energy hits you!!!
You feel drained.
* * * LOW HITPOINT WARNING * * *
You closely miss the shadow dragon. You tail-slap the shadow dragon.
The shadow dragon is lightly wounded.
Your ice devil hits the shadow dragon but does no damage.
The shadow dragon bites you!
You die...

*****,,,,,,,,*,,,*******,,,,,,,
*,,,,,,,,,,,,*,,,* *,..,,,,,,,
*****,,,,,,,,**,,* #..♣**,,,,,
*,,,*##*,###**###.♣* **,...
*,,,##.###.## #...♣ *....
*,,,#.......###.#.♣# #♣....
*,,,*#..†...'......♣♣♣.....
*,,,,#..∩.8.').............
*,,,*#..†D@.'..............
*,,,#.....4.#..............
*,,,##†###.########........
*,,,*#** ###**,,,,#........
*,,,,,*****,,*,,,,#........
*,,,,,*,,,,,,*,,,,#........
*,,,,**,,,,,,****+#........
****,,,,*,,,,,,,,,,...........
*,,,,,,,*,,,,,,,####..........


You could see a shadow dragon (ally target) and a friendly ice devil (summoned).

Vanquished Creatures
  Erica (D:9)
  3 two-headed ogres
  A boulder beetle (D:13)
  A skeletal warrior (D:7)
  The ghost of gurdl9716 the Insei, a novice GnCA of Ignis (D:6)
  A cyclops (D:7)
  A gargoyle (D:7)
  Psyche (D:8)
  3 trolls
  A hornet (D:8)
  Grinder (D:3)
  A slime creature (D:6)
  A wraith (D:10)
  7 yaks
  A spriggan (D:9)
  2 steam dragons
  Menkaure (D:5)
  3 acid dragons
  A water moccasin (D:7)
  4 ice beasts (D:7)
  3 sky beasts
  4 orc warriors
  3 ogres (D:5)
  4 centaurs
  A phantom (D:7)
  2 bullfrogs
  4 kobold brigands
  2 scorpions
  Blork the orc (D:5)
  A gnoll sergeant (D:8)
  9 wights (D:9)
  5 killer bees (D:9)
  A howler monkey (D:6)
  A bullfrog zombie (D:7)
  A centaur zombie (D:7)
  4 jellies
  2 hounds
  8 orc priests
  6 iguanas
  Jessica (D:2)
  A gnoll bouda (D:5)
  3 sleepcaps
  Ijyb (D:5)
  13 orc wizards
  23 gnolls
  9 adders
  A white imp (D:7)
  An ufetubus (D:7)
  3 worms
  A dart slug (D:1)
  42 orcs
  13 endoplasms
  3 giant cockroaches (D:4)
  3 hobgoblins
  3 jackals
  26 kobolds
  4 quokkas
  6 ball pythons
  6 bats
  10 frilled lizards (D:2)
  3 goblins
  9 rats
283 creatures vanquished.

Vanquished Creatures (collateral kills)
  A centaur warrior (D:13)
  The ghost of Urgle the Fighter, a novice DjFE of Makhleb (D:9)
  A cyclops (D:7)
  Maggie (D:7)
  A blink frog (D:3)
  2 spriggans (D:9)
  A wyvern (D:8)
  A wolf (D:9)
  A killer bee (D:9)
  An orc wizard (D:8)
  3 orcs
  A bat (D:2)
  A jackal (D:5)
  4 frilled lizards (D:2)
20 creatures vanquished.

Vanquished Creatures (others)
  A gnoll zombie (Bailey)
1 creature vanquished.

Grand Total: 304 creatures vanquished

Notes
Turn   | Place    | Note
-------+----------+-------------------------------------------
     0 | D:1      | IdlyInterested the Demonspawn Monk began the quest for the
                  | Orb.
     0 | D:1      | Reached XP level 1. HP: 18/18 MP: 1/1
    63 | D:1      | Found Foozec's Weapon Emporium.
   277 | D:1      | Gained mutation: You are partially covered in slimy green
                  | scales. (AC +2) [demonic ancestry]
   277 | D:1      | Reached XP level 2. HP: 19/24 MP: 2/2
   718 | D:2      | Reached skill level 1 in Armour
   938 | D:2      | Reached skill level 1 in Throwing
   938 | D:2      | Reached XP level 3. HP: 29/29 MP: 3/3
  1124 | D:2      | Reached skill level 1 in Stealth
  1269 | D:2      | Gained mutation: A weak demonic guardian rushes to your
                  | aid. [demonic ancestry]
  1269 | D:2      | Reached XP level 4. HP: 28/37 MP: 4/4
  1335 | D:2      | Noticed Jessica
  1341 | D:2      | Killed Jessica
  1342 | D:2      | Reached skill level 4 in Fighting
  1342 | D:2      | Reached skill level 1 in Evocations
  1610 | D:2      | Got the Directory of Scintillating Conflagration
  2132 | D:2      | Reached skill level 1 in Shapeshifting
  2669 | D:3      | Found a radiant altar of Vehumet.
  2798 | D:3      | Found a faded altar of an unknown god.
  2957 | D:3      | Noticed Grinder
  2958 | D:3      | Paralysed by Grinder for 3 turns
  2964 | D:3      | Paralysed by Grinder for 4 turns
  2986 | D:3      | Paralysed by Grinder for 3 turns
  3004 | D:3      | Paralysed by Grinder for 3 turns
  3008 | D:3      | Killed Grinder
  3009 | D:3      | Reached XP level 5. HP: 33/42 MP: 5/5
  3009 | D:3      | Reached XP level 6. HP: 38/48 MP: 6/6
  3232 | D:3      | Found Emnankih's Book Boutique.
  3378 | D:3      | Found a runed translucent door.
  3379 | D:3      | Noticed Crazy Yiuf
  3391 | D:3      | Crazy Yiuf changed into Crazy Yiuf the blink frog
  3391 | D:3      | Noticed Crazy Yiuf
  3400 | D:3      | Killed Crazy Yiuf the blink frog
  3401 | D:3      | Gained mutation: You have a small tail. [demonic ancestry]
  3401 | D:3      | Reached XP level 7. HP: 22/55 MP: 7/7
  3544 | D:3      | Identified the +8 hammer "Hirujaiq" {freeze, rF++ Stlth+}
  3803 | D:4      | Reached skill level 1 in Shields
  3990 | D:4      | Found a sacrificial altar of Ru.
  4052 | D:4      | Found a hazy altar of Hepliaklqana.
  4083 | D:4      | Reached skill level 5 in Fighting
  4144 | D:4      | Found Lokiucw's General Store.
  4317 | D:5      | Entered Level 5 of the Dungeon
  4641 | D:5      | Noticed Ijyb
  4649 | D:5      | Killed Ijyb
  4914 | D:5      | Reached skill level 5 in Stealth
  4924 | D:5      | Gained mutation: You have a tail ending in a sharp stinger.
                  | [demonic ancestry]
  4924 | D:5      | Reached XP level 8. HP: 54/62 MP: 8/8
  4959 | D:5      | Noticed Blork the orc
  4969 | D:5      | Killed Blork the orc
  5060 | D:5      | Found a staircase to the Ecumenical Temple.
  5064 | D:5      | Reached skill level 6 in Fighting
  5112 | Temple   | Entered the Ecumenical Temple
  5496 | D:5      | Noticed Menkaure
  5504 | D:5      | Killed Menkaure
  5901 | D:6      | Found a runed translucent door.
  5908 | D:6      | Noticed gurdl9716's ghost (novice GnCA)
  5908 | D:6      | Noticed a slime creature
  5939 | D:6      | Found an iron altar of Okawaru.
  5943 | D:6      | Found a shimmering blue altar of Sif Muna.
  5943 | D:6      | Found a hide-covered altar of Uskayaw.
  6091 | D:6      | Found a shimmering altar of Xom.
  6098 | D:6      | Reached skill level 7 in Fighting
  6098 | D:6      | Gained mutation: You regenerate a little health from kills.
                  | [demonic ancestry]
  6098 | D:6      | Reached XP level 9. HP: 32/72 MP: 9/9
  6478 | D:6      | Killed gurdl9716's ghost
  6486 | D:6      | Reached skill level 1 in Maces & Flails
  6666 | D:7      | Reached skill level 1 in Long Blades
  6701 | D:7      | Noticed a cyclops
  6701 | D:7      | Noticed a gargoyle
  6707 | D:7      | Killed a cyclops
  6708 | D:7      | Reached skill level 8 in Fighting
  6727 | D:7      | Killed a gargoyle
  6728 | D:7      | Reached skill level 5 in Dodging
  6790 | D:7      | Gained mutation: A demonic guardian rushes to your aid.
                  | [demonic ancestry]
  6790 | D:7      | Reached XP level 10. HP: 32/80 MP: 10/10
  7038 | D:7      | Noticed a cyclops
  7042 | D:7      | Noticed a two-headed ogre
  7053 | D:7      | Killed a cyclops
  7054 | D:7      | Noticed a skeletal warrior
  7060 | D:7      | Killed a two-headed ogre
  7071 | D:7      | Killed a skeletal warrior
  7072 | D:7      | Reached skill level 9 in Fighting
  7673 | D:7      | Noticed Maggie
  7682 | D:7      | Killed Maggie
  7956 | D:7      | Found a basalt altar of Yredelemnul.
  8020 | D:7      | Identified the +1 dagger of the Enchanted Forest {vamp, rN+
                  | Stlth+}
  8021 | D:7      | Identified the +7 sling "Peat" {elec, SInv}
  8034 | D:7      | Identified 2 scrolls of acquirement
  8036 | D:7      | Acquired 802 gold pieces
  8039 | D:7      | Acquired 958 gold pieces
  8192 | D:1      | Bought the +7 mace of Variability {chaos, chaos arc} for
                  | 780 gold pieces
  8192 | D:1      | Found the +7 mace of Variability {chaos, chaos arc}
  8286 | D:3      | Bought a manual of Long Blades for 1040 gold pieces
  8839 | D:8      | Noticed Psyche
  8852 | D:8      | Killed Psyche
  9044 | D:8      | Gained mutation: You are mostly covered in slimy green
                  | scales. (AC +3) [demonic ancestry]
  9044 | D:8      | Reached XP level 11. HP: 64/89 MP: 11/11
  9462 | D:8      | Identified the +6 plate armour "Cophy" {Regen+ rCorr Dex-5
                  | Stlth+}
 10149 | D:9      | Noticed a two-headed ogre
 10155 | D:9      | Killed a two-headed ogre
 10163 | D:9      | Found a flagged portal.
 10172 | Bailey   | Entered a bailey
 10562 | D:9      | Found a runed translucent door.
 10562 | D:9      | Noticed Urgle's ghost (novice DjFE)
 10562 | D:9      | Identified the +4 trident of the Past {drain, *Slow rPois
                  | rN++ Dex+3}
 10563 | D:9      | Identified the +5 hand axe of Honour {drain, *Noise rF+
                  | Str+3 SInv}
 11014 | D:9      | Reached skill level 5 in Maces & Flails
 11088 | D:9      | Noticed Erica
 11111 | D:9      | Killed Erica
 11112 | D:9      | Reached skill level 5 in Armour
 11129 | D:9      | Found a snail-covered altar of Cheibriados.
 11355 | D:9      | Killed Urgle's ghost
 11356 | D:9      | Reached skill level 10 in Fighting
 11496 | D:10     | Entered Level 10 of the Dungeon
 11657 | D:10     | Noticed a two-headed ogre
 11663 | D:10     | Killed a two-headed ogre
 11707 | D:10     | Gained mutation: You are covered in fur. (AC +1) [potion of
                  | mutation]
 11707 | D:10     | Gained mutation: You are weak. (Str -2) [potion of
                  | mutation]
 11707 | D:10     | Gained mutation: You sometimes lose your temper in combat.
                  | [potion of mutation]
 11707 | D:10     | Gained mutation: You are resistant to electric shocks.
                  | (rElec) [potion of mutation]
 11736 | D:10     | You fall into a shaft and drop 3 floors!
 11743 | D:13     | Noticed a centaur warrior
 11754 | D:13     | Noticed a boulder beetle
 11759 | D:13     | Killed a centaur warrior
 11779 | D:13     | Killed a boulder beetle
 11780 | D:13     | Reached XP level 12. HP: 40/97 MP: 12/12
 11830 | D:13     | Found a gate to the Vaults.
 11830 | D:13     | Noticed a shadow dragon
 11839 | D:13     | HP: 3/85 [shadow dragon/bolt of negative energy (41)]
 11840 | D:13     | Slain by a shadow dragon

Illustrated notes

Levels and vault maps discovered:
D:1:      tarquinn_simple_flora_water_c, layout_loops_cross, serial_shops,
          nicolae_shop_getting_attention, minmay_misc_feat_pillars
D:2:      wad_river_or_something, layout_basic, minmay_lizard_pond, uniq_jessica
D:3:      layout_loops_ring, nicolae_vehumet_radiance,
          hellmonk_ecumenical_altar_zigzags, serial_shops,
          nicolae_shop_tiny_waterfront, uniq_crazy_yiuf_cottage, uniq_grinder
D:4:      layout_basic, mainiacjoe_overflow_chevrons,
          mainiacjoe_overflow_alcove_1, serial_shops, shop
D:5:      layout_loops_ring, temple_fountains, dk_vineyard_2,
          nicolae_figureground_pulse, uniq_ijyb, uniq_blork_the_orc,
          uniq_menkaure
D:6:      layout_rooms, nicolae_overflow_hidden_temple,
          ebering_ghost_inner_flame
D:7:      minmay_the_grid_octo_2x2 [minmay_the_grid_octo_teeth,
          minmay_the_grid_octo_clover, minmay_the_grid_octo_tetromino_candy,
          minmay_the_grid_octo_prize_single_spiral], layout_loops_ring,
          lemuel_zombie_altar_yredelemnul, mainiacjoe_overflow_surrounded_room,
          uniq_maggie
D:8:      layout_loops_corners, minmay_misc_feat_cross, grunt_decor_cap,
          uniq_psyche
D:9:      layout_loops_ring, mainiacjoe_overflow_big_doors, enter_bailey_8,
          ebering_ghost_funeral_grove, uniq_erica
D:10:     layout_basic, lightli_temple_of_fire
D:13:     layout_irregular_city, hellmonk_vaults_attempted_burglary,
          gauntlet_entry_generic, minmay_stone_trees_small
Temple:   hellmonk_temple_rainy

Skill      XL: |  1  2  3  4  5  6  7  8  9 10 11 |
---------------+----------------------------------+-----
Dodging        | 3 4 5 7 8 |  8.0
Unarmed Combat | 3 |  3.0
Armour         | 1 2 3 4 5 |  5.9
Throwing       | 1 2 |  2.0
Stealth        | 1 4 5 6 7 9 |  9.4
Fighting       | 4 5 7 8 9 10 | 10.0
Evocations     | 1 2 |  2.0
Shapeshifting  | 1 2 |  2.0
Shields        | 3 |  3.0
Maces & Flails | 2 7 |  7.2
Long Blades    | 2 |  2.0

Action                     |  1- 3 |  4- 6 |  7- 9 | 10-12 || total
---------------------------+-------+-------+-------+-------++-------
  Melee: Unarmed           |   132 |     8 |       |       ||   140
         Club              |       |    94 |       |       ||    94
         Mace              |       |       |   219 |   136 ||   355
         Tailslap          |       |       |    37 |    51 ||    88
         Great mace        |       |       |       |   251 ||   251
         Punch             |       |       |       |     1 ||     1
  Throw: Stone             |       |    11 |    13 |     7 ||    31
         Dart              |       |     6 |       |       ||     6
  Evoke: Wand              |       |     1 |       |     2 ||     3
    Use: Scroll            |     1 |     4 |     5 |     8 ||    18
         Potion            |       |     1 |     4 |     7 ||    12
   Stab: Sleeping          |     1 |       |     7 |     4 ||    12
         Distracted        |       |       |     1 |     1 ||     2
         Confused          |       |       |       |     2 ||     2
 Armour: Robe              |    52 |    29 |   100 |     1 ||   182
         Skin              |       |    16 |       |       ||    16
         Acid dragon scale |       |       |       |    79 ||    79
         Plate armour      |       |       |       |   362 ||   362
  Dodge: Dodged            |    61 |    62 |   201 |   406 ||   730

Table legend: (Time is in decaauts)
 A = Elapsed time spent in this place.
 B = Non-inter-level travel time spent in this place.
 C = Inter-level travel time spent in this place.
 D = Time resting spent in this place.
 E = Time spent auto-exploring this place.
 F = Levels seen in this place.
 G = Mean time per level.
                   A        B        C        D        E       F      G
               +--------+--------+--------+--------+--------+-----+--------+
         Total |  12154 |  10233 |   1921 |   1254 |   5625 |  13 |  934.9 |
       Dungeon |  11819 |   9901 |   1918 |   1254 |   5625 |  11 | 1074.5 |
        Temple |     32 |     29 |      3 |      0 |      0 |   1 |   32.0 |
        Bailey |    301 |    301 |      0 |      0 |      0 |   1 |  301.0 |
               +--------+--------+--------+--------+--------+-----+--------+

Top non-repeatable levels by time:
     D:2: 1837 daAuts
     D:7: 1730 daAuts
     D:5: 1570 daAuts
     D:8: 1494 daAuts
     D:3: 1317 daAuts
     D:9: 1197 daAuts
     D:6: 887 daAuts
     D:1: 826 daAuts
     D:4: 694 daAuts
  Bailey: 301 daAuts
    D:10: 164 daAuts
    D:13: 99 daAuts
  Temple: 32 daAuts
